 Dungeon Crawl Stone Soup version 0.31-a0-851-g7ff8af7976 (webtiles) character file.

Game seed: 3558407203485610125

2359 Shayle the Trooper (level 9, -13/61 (69) HPs)
             Began as a Demonspawn Reaver on Oct 5, 2023.
             Mangled by a two-headed ogre
             ... wielding a +0 giant spiked club
              (20 damage)
             ... on level 8 of the Dungeon.
             The game lasted 00:21:25 (6503 turns).

Shayle the Trooper (Demonspawn Reaver)              Turns: 6503, Time: 00:21:28

HP:   -13/61 (69)   AC:  9    Str: 14    XL:     9   Next: 20%
MP:   17/17         EV: 10    Int: 18    God:
Gold: 163           SH:  0    Dex: 11    Spells: 15/19 levels left

rFire   . . .        n - +2 trident (venom)
rCold   . . .        (no shield)
rNeg    + . .        h - +0 ring mail
rPois   .            (no helmet)
rElec   .            E - +1 cloak
rCorr   .            B - +0 pair of gloves
SInv    .            (no boots)
Will    .....        j - amulet of regeneration
Stlth   +            p - ring of positive energy
HPRegen 1.10/turn    (no ring)
MPRegen 0.15/turn

%: no passive effects
@: heavily drained
A: ignite blood 2, powered by death 1
a: no special abilities


You were on level 8 of the Dungeon.
You visited 1 branch of the dungeon, and saw 8 of its levels.
You also visited: Sewer.

You collected 378 gold pieces.
You spent 215 gold pieces at shops.

Inventory:

Hand Weapons
 a - a +0 spear
 n - a +2 trident of venom (weapon)
 y - a +2 vampiric whip
 D - a +2 quarterstaff of chaos
Missiles
 A - 2 curare-tipped darts
 H - 2 throwing nets
Armour
 b - a +0 leather armour
 h - a +0 ring mail (worn)
 B - a +0 pair of gloves (worn)
 E - a +1 cloak (worn)
Jewellery
 j - an amulet of regeneration (around neck)
 p - a ring of positive energy (left hand)
Wands
 s - a wand of polymorph (10)
 C - a wand of roots (2)
Scrolls
 c - 7 scrolls of teleportation
 g - a scroll of torment
 i - a scroll of vulnerability
 k - 2 scrolls of fog
 m - 3 scrolls of amnesia
 o - a scroll of immolation
 r - 2 scrolls of poison
 F - a scroll of identify
 G - a scroll of noise {unknown}
 I - a scroll of acquirement {unknown}
Potions
 d - 3 potions of enlightenment {unknown}
 e - a potion of degeneration {unknown}
 f - 3 potions of brilliance
 l - a potion of lignification
 q - 2 potions of haste
 t - 2 potions of curing
 u - a potion of resistance {unknown}
 v - a potion of mutation {unknown}
 w - a potion of ambrosia {unknown}
 x - 3 potions of heal wounds
 z - a potion of berserk rage {unknown}


   Skills:
 + Level 6.3 Fighting
 - Level 2.6 Polearms
 + Level 5.3 Armour
 - Level 1.7 Dodging
 + Level 5.8 Spellcasting
 + Level 3.5 Conjurations
 - Level 6.0 Necromancy
 + Level 1.3 Air Magic
 + Level 1.4 Poison Magic


You had 15 spell levels left.
You knew the following spells:

 Your Spells              Type           Power      Damage    Failure   Level
a - Kiss of Death         Conj/Necr      88%        2d12      3%          1
b - Mephitic Cloud        Conj/Pois/Air  12%        N/A       28%         3

Your spell library contained the following spells:

 Spells                   Type           Power      Damage    Failure   Level
 Magic Dart               Conj           72%        1d6       5%          1
 Momentum Strike          Conj/Tloc      22%        3d8       17%         2
 Call Imp                 Summ           10%        N/A       34%         2
 Hailstorm                Conj/Ice       11%        3d5       34%         3


Dungeon Overview and Level Annotations

Branches:
Dungeon (8/15)             Temple (0/1) D:4           Sewer (visited)
   Lair: D:8-11

Altars:
Kikubaaqudgha
Makhleb
Nemelex Xobeh
Okawaru
Trog
Wu Jian
Xom

Shops:
D:4 ?


Innate Abilities, Weirdness & Mutations

Your demonic aura often causes spilled blood to erupt in flames.
You regenerate a little health from kills.


Message History

The gnoll barely misses you.
There is a stone staircase leading up, spattered with blood here.
The gnoll barely misses you.
Things that are here:
a +0 robe; a +0 long sword You barely miss the gnoll.
The gnoll hits you but does no damage.
You are poisoned.
You closely miss the gnoll.
You feel very sick.
The gnoll hits you with a +0 spear of venom! x2
You are more poisoned.
You puncture the gnoll!
The gnoll is poisoned.
The gnoll is severely wounded.
You feel very sick.
The gnoll is engulfed in blazing flames.
You kill the gnoll!
You feel very sick.
H - 2 throwing nets (gained 1)
You see here a +0 spear of venom.
You feel sick.
You start resting.
You feel sick. x8
You are no longer poisoned.
You start resting.
HP restored.
I - a scroll labelled NIUTUO VEAZAH
There is an open door here.
A two-headed ogre comes into view.
It is wielding two +0 giant spiked clubs.
There is an open door here.
You puncture the two-headed ogre!
The two-headed ogre is poisoned.
The two-headed ogre is lightly wounded.
The two-headed ogre is engulfed in blazing flames.
The two-headed ogre hits you with a +0 giant spiked club!! x2
* * * LOW HITPOINT WARNING * * *
You hit the two-headed ogre.
The two-headed ogre is moderately wounded.
The two-headed ogre is engulfed in blazing flames.
The two-headed ogre hits you with a +0 giant spiked club!
* * * LOW HITPOINT WARNING * * *
The two-headed ogre hits you with a +0 giant spiked club!!
You die...

#..###. ....... ...#
...... ?..# ..... ...#
#..############# ...###+
#..###....##...##.......
....#...........#.......
....#..........§#☼......
....#...........@☼......
#...####..#######O......
#...####..# ..#+###
.......#..# ..#
.......'..# ..#
.......#..# ..#
.......#..# ..#
########### ..#


You could see a two-headed ogre (very poisoned).

Vanquished Creatures
  A water moccasin (Sewer)
  2 black bears
  An ice beast (D:6)
  3 sky beasts
  A centaur (D:5)
  3 kobold brigands
  A bullfrog (D:7)
  2 gnoll sergeants (D:7)
  3 scorpions
  7 wights
  6 hounds
  Crazy Yiuf (D:6)
  A jelly (D:7)
  An orc priest (D:7)
  A sleepcap (D:5)
  2 iguanas (D:4)
  An orc wizard (D:4)
  12 gnolls
  6 adders
  A river rat (D:3)
  2 shadow imps
  An ufetubus (D:5)
  3 worms
  2 dart slugs
  11 orcs
  15 ball pythons
  4 bats
  6 endoplasms
  4 giant cockroaches
  8 goblins
  8 hobgoblins
  2 jackals (Sewer)
  3 quokkas
  2 frilled lizards (D:3)
  18 kobolds
  9 rats
154 creatures vanquished.

Notes
Turn   | Place    | Note
-------+----------+-------------------------------------------
     0 | D:1      | Shayle the Demonspawn Reaver began the quest for the Orb.
     0 | D:1      | Reached XP level 1. HP: 16/16 MP: 3/3
   132 | D:1      | Gained mutation: You regenerate a little health from kills.
                  | [demonic ancestry]
   132 | D:1      | Reached XP level 2. HP: 10/22 MP: 5/5
   265 | D:1      | Reached skill level 1 in Necromancy
   618 | D:1      | Reached skill level 1 in Armour
   647 | D:1      | Gained mutation: Your demonic aura sometimes causes spilled
                  | blood to erupt in flames. [demonic ancestry]
   647 | D:1      | Reached XP level 3. HP: 28/28 MP: 6/6
   672 | D:1      | Found a faded altar of an unknown god.
   672 | D:1      | Noticed an Executioner
   982 | D:2      | Found a shimmering altar of Xom.
  1578 | D:3      | Reached XP level 4. HP: 34/34 MP: 7/7
  1683 | D:3      | Found a glowing drain.
  1712 | Sewer    | Entered a sewer
  1768 | Sewer    | Noticed a water moccasin
  1777 | Sewer    | Killed a water moccasin
  1778 | Sewer    | Reached XP level 5. HP: 19/41 MP: 9/9
  2376 | D:3      | Found an ancient bone altar of Kikubaaqudgha.
  2567 | D:4      | Found a staircase to the Ecumenical Temple.
  2599 | D:4      | Noticed a sky beast
  2620 | D:4      | Reached XP level 6. HP: 13/47 MP: 9/11
  2649 | D:4      | Killed a sky beast
  3363 | D:4      | Found a bloodstained altar of Trog.
  3648 | D:4      | Found Ronad's Magic Scroll Boutique.
  3655 | D:4      | Bought a scroll of poison for 40 gold pieces
  3655 | D:4      | Bought a scroll of teleportation for 30 gold pieces
  3655 | D:4      | Bought a scroll of identify for 20 gold pieces
  3655 | D:4      | Bought a scroll of brand weapon for 95 gold pieces
  3655 | D:4      | Bought a scroll of teleportation for 30 gold pieces
  3734 | D:5      | Entered Level 5 of the Dungeon
  3744 | D:4      | Gained mutation: Your demonic aura often causes spilled
                  | blood to erupt in flames. [demonic ancestry]
  3744 | D:4      | Reached XP level 7. HP: 47/51 MP: 12/12
  5022 | D:6      | Found a runed translucent door.
  5023 | D:6      | Noticed Crazy Yiuf
  5028 | D:6      | Killed Crazy Yiuf
  5094 | D:6      | Reached XP level 8. HP: 61/61 MP: 14/14
  5294 | D:6      | Reached skill level 5 in Fighting
  5340 | D:6      | Reached skill level 5 in Necromancy
  5504 | D:7      | Reached skill level 5 in Spellcasting
  5775 | D:7      | Reached skill level 5 in Armour
  5823 | D:7      | Learned a level 3 spell: Mephitic Cloud
  5949 | D:7      | Reached XP level 9. HP: 68/69 MP: 17/17
  6209 | D:7      | Found an iron altar of Okawaru.
  6209 | D:7      | Found an ornate altar of the Wu Jian Council.
  6214 | D:7      | Found a shimmering altar of Xom.
  6216 | D:7      | Found a sparkling altar of Nemelex Xobeh.
  6217 | D:7      | Found a burning altar of Makhleb.
  6254 | D:7      | Reached skill level 1 in Poison Magic
  6285 | D:7      | Reached skill level 1 in Air Magic
  6501 | D:8      | Noticed a two-headed ogre
  6503 | D:8      | Mangled by a two-headed ogre

Illustrated notes

Levels and vault maps discovered:
D:1:      evilmike_arrival_plus, layout_loops_ring,
          dreamdust_ecumenical_altar_sealed_demon
D:2:      layout_basic, basic_altar
D:3:      layout_basic, mainiacjoe_overflow_concentric_impassable,
          portal_sewer_entry_b
D:4:      layout_basic, jmf_multi_god_temple, minmay_temple_entry_from_below_a,
          serial_shops, shop, minmay_fractal_squares_gapless_5
D:5:      layout_loops_ring, nicolae_nh_ransacked_shop
D:6:      layout_basic, kennysheep_generic_room_6, uniq_crazy_yiuf_cottage
D:7:      layout_loops_ring, chequers_temple_overflow_minitemple,
          hangedman_decor_clover_reticule
D:8:      layout_gridville, uniq_grum, uniq_jeremiah

Skill      XL: |  1  2  3  4  5  6  7  8  9 |
---------------+----------------------------+-----
Necromancy     | 1 2 3 4 6 |  6.0
Armour         | 1 2 3 4 5 |  5.3
Fighting       | 3 4 6 |  6.3
Spellcasting   | 3 4 5 |  5.8
Poison Magic   | 1 |  1.4
Air Magic      | 1 |  1.3
Polearms       | |  2.6
Dodging        | |  1.7
Conjurations   | |  3.5

Action                     |  1- 3 |  4- 6 |  7- 9 || total
---------------------------+-------+-------+-------++-------
  Melee: Spear             |   173 |       |       ||   173
         Trident           |     8 |   176 |   253 ||   437
         Punch             |     3 |     2 |     3 ||     8
   Cast: Kiss of Death     |       |     1 |       ||     1
  Evoke: Wand              |       |       |     4 ||     4
    Use: Potion            |       |     5 |       ||     5
         Scroll            |       |     7 |     9 ||    16
 Armour: Leather armour    |    49 |       |       ||    49
         Ring mail         |    55 |   124 |   233 ||   412
         Skin              |       |    21 |       ||    21
  Dodge: Dodged            |    94 |    87 |   154 ||   335

Table legend: (Time is in decaauts)
 A = Elapsed time spent in this place.
 B = Non-inter-level travel time spent in this place.
 C = Inter-level travel time spent in this place.
 D = Time resting spent in this place.
 E = Time spent auto-exploring this place.
 F = Levels seen in this place.
 G = Mean time per level.
                   A        B        C        D        E       F      G
               +--------+--------+--------+--------+--------+-----+--------+
         Total |   6598 |   6447 |    151 |    974 |   3453 |   9 |  733.1 |
       Dungeon |   6389 |   6238 |    151 |    900 |   3401 |   8 |  798.6 |
         Sewer |    208 |    208 |      0 |     74 |     51 |   1 |  208.0 |
               +--------+--------+--------+--------+--------+-----+--------+

Top non-repeatable levels by time:
     D:3: 1327 daAuts
     D:5: 965 daAuts
     D:4: 927 daAuts
     D:1: 873 daAuts
     D:7: 857 daAuts
     D:6: 725 daAuts
     D:2: 556 daAuts
   Sewer: 208 daAuts
     D:8: 156 daAuts
